 Dungeon Crawl Stone Soup version 0.28.0 (webtiles) character file.

Game seed: 15791013855528467373

3 growler the Gusty (level 1, -2/10 HPs)
             Began as a Tengu Air Elementalist on Feb 9, 2022.
             Slain by a kobold (4 damage)
             ... on level 1 of the Dungeon.
             The game lasted 00:00:40 (187 turns).

growler the Gusty (Tengu Air Elementalist)           Turns: 187, Time: 00:00:41

Health: -2/10      AC:  2    Str:  8    XL:     1   Next: 50%
Magic:  2/4        EV: 12    Int: 15    God:
Gold:   18         SH:  0    Dex: 14    Spells: 3/4 levels left

rFire   . . .      SeeInvis .   (no weapon)
rCold   . . .      Faith    .   (no shield)
rNeg    . . .      Spirit   .   a - +0 robe
rPois   .          Reflect  .   (helmet restricted)
rElec   .          Harm     .   (no cloak)
rCorr   .          Rampage  .   (no gloves)
Will    .....                   (boots unavailable)
Stlth   ++........              (no amulet)
HPRegen 0.03/turn               (no ring)
MPRegen 0.09/turn               (no ring)

@: no status effects
A: beak, talons 3
a: no special abilities


You were on level 1 of the Dungeon.
You visited 1 branch of the dungeon, and saw 1 of its levels.

You collected 18 gold pieces.

Inventory:

Armour
 a - a +0 robe (worn)


   Skills:
 - Level 2.1 Dodging
 - Level 2.0 Stealth
 + Level 2.0 Spellcasting
 + Level 1.6 Conjurations
 + Level 4.1 Air Magic


You had 3 spell levels left.
You knew the following spells:

 Your Spells              Type           Power      Damage    Failure   Level
a - Shock                 Conj/Air       40%        1d5       7%          1

Your spell library contained the following spells:

 Spells                   Type           Power      Damage    Failure   Level
 Static Discharge         Conj/Air       10%        N/A       11%         2
 Swiftness                Air            13%        N/A       12%         3
 Airstrike                Air            6%         N/A       38%         4


Dungeon Overview and Level Annotations

Branches:
Dungeon (1/15)

Altars:


Innate Abilities, Weirdness & Mutations

You have a beak for a mouth.
You have claws for feet.


Message History

Aim: a hobgoblin (asleep, 100% to hit)
The zap hits the hobgoblin.
The hobgoblin shouts!
Aim: a hobgoblin (almost dead, 68% to hit)
The zap misses the hobgoblin.
A rat comes into view.
Aim: a hobgoblin (almost dead, 68% to hit)
The zap misses the hobgoblin. x2
Aim: a hobgoblin (almost dead, 68% to hit)
The zap hits the hobgoblin.
You kill the hobgoblin!
You don't have enough magic to cast this spell.
Unknown command.
Found 22 sling bullets.
You hit the rat. The rat bites you.
You hit the rat but do no damage. You peck the rat. The rat closely misses you.
You completely miss the rat. Your kick misses the rat.
The rat closely misses you.
You barely miss the rat. Your kick misses the rat. The rat closely misses you.
You barely miss the rat. Your peck misses the rat. The rat bites you.
You hit the rat.
You kill the rat!
No target in view!
Unknown command.
Found 18 gold pieces.
You now have 18 gold pieces.
A rat comes into view.
Aim: a rat (asleep, 100% to hit)
The zap hits the rat.
You kill the rat!
You hear a shout!
A goblin comes into view. It is wielding a +0 club.
Aim: a goblin, wielding a +0 club (60% to hit)
The zap hits the goblin.
You kill the goblin!
A kobold comes into view. It is wielding a +0 short sword.
Aim: a kobold, wielding a +0 short sword (wandering, hasn't noticed you, 60% to hit)
The zap misses the kobold.
The kobold shouts!
Aim: a kobold, wielding a +0 short sword (60% to hit)
The zap hits the kobold.
The kobold hits you with a +0 short sword.
You closely miss the kobold. The kobold closely misses you.
You hit the kobold but do no damage. Your kick misses the kobold.
You peck the kobold, but do no damage.
The kobold hits you with a +0 short sword.
* * * LOW HITPOINT WARNING * * *
The kobold barely misses you.
The kobold hits you with a +0 short sword.
You die...

.....# #.......#
.###.# #.#.#.#.# ##
#.# #.......# #.#
#.##..### #.#
#.##.####### #
##.###..........#
###..........####.#
..#.##...###(####.##
.#..............@..#
#.#.##........###K.#
###.#####.###.# #..#
#.# #.# #.# ##.# #.#
#.# #.# #.# #.# #.#
#.# #.# #.# #.# #.#
#.# ... ..# #.# #.#
..# .## #.# #.#


You could see a kobold.

Vanquished Creatures
  A hobgoblin (D:1)
  A goblin (D:1)
  2 rats (D:1)
4 creatures vanquished.

Notes
Turn   | Place    | Note
-------+----------+-------------------------------------------
     0 | D:1      | growler the Tengu Air Elementalist began the quest for the
                  | Orb.
     0 | D:1      | Reached XP level 1. HP: 10/10 MP: 4/4
   187 | D:1      | Slain by a kobold

Illustrated notes

Levels and vault maps discovered:
D:1:      dpeg_arrival_houses_and_road, layout_loops_ring, serial_glass,
          glass_columns_b, glass_columns_a, glass_columns_a, glass_columns_b,
          feat_on_display, minmay_box_of_dots

Action                   || total
-------------------------++-------
Melee: Unarmed           ||     8
       Peck              ||     2
 Cast: Shock             ||     8
Dodge: Dodged            ||     5
